 Dungeon Crawl Stone Soup version 0.26-a0-661-g406de6ba63 (webtiles) character file.

Game seed: 81615432270501798

5940 reriks the Chucker (level 10, -6/97 (98) HPs)
             Began as a Troll Hunter on Oct 8, 2020.
             Was a Believer of Makhleb.
             Mangled by an orc warrior
             ... wielding a +0 mace
             ... led by an orc warlord
              (23 damage)
             ... on level 9 of the Dungeon on Oct 9, 2020.
             The game lasted 00:15:50 (9578 turns).

reriks the Chucker (Troll Hunter)                   Turns: 9578, Time: 00:15:51

HP:   -6/97 (98)    AC: 10    Str: 25    XL:     10   Next: 54%
MP:   0/10          EV: 12    Int:  7    God:    Makhleb [**....]
Gold: 283           SH:  0    Dex: 10    Spells: 9/9 levels left

rFire    . . .     SeeInvis +     - Unarmed
rCold    . . .     Faith    .   (no shield)
rNeg     + + +     Spirit   +   K - +1 robe of the Everdark {rElec rN++}
rPois    +         Reflect  .   (helmet restricted)
rElec    +         Harm     .   r - +2 cloak {rPois}
rCorr    .         Rampage  .   (gloves unavailable)
MR       .....                  (boots unavailable)
Stlth    ++........             v - amulet of guardian spirit
HPRegen  0.66/turn              C - ring of see invisible
MPRegen  0.12/turn              y - ring of positive energy

@: no status effects
A: large, unfitting armour, claws 3, regeneration 1, shaggy fur 1, tough skin 3
a: Minor Destruction, Renounce Religion


You were on level 9 of the Dungeon.
You worshipped Makhleb.
Makhleb was pleased with you.
You visited 3 branches of the dungeon, and saw 13 of its levels.

You collected 644 gold pieces.
You spent 361 gold pieces at shops.

Inventory:

Hand Weapons
 a - a +1 short sword
 M - a +3 spectral giant club
Missiles
 c - 5 large rocks (quivered)
 d - 3 throwing nets
 o - 2 silver boomerangs
Armour
 b - a +1 robe
 r - a +2 cloak of poison resistance (worn)
 x - a scarf of resistance
 K - the +1 robe of the Everdark (worn) {rElec rN++}
   (You bought it in a shop on level 9 of the Dungeon)

   It insulates you from electricity.
   It greatly protects you from negative energy.
Jewellery
 h - an uncursed ring of stealth
 p - an uncursed ring of stealth
 v - an amulet of guardian spirit (around neck)
 y - a ring of positive energy (right claw)
 C - a ring of see invisible (left claw)
 D - an uncursed ring of stealth
 I - an uncursed ring of flight
Wands
 e - a wand of enslavement (5)
 g - a wand of disintegration (18)
 w - a wand of polymorph (24)
 J - a wand of iceblast (5)
Scrolls
 i - 8 scrolls of teleportation
 j - 2 scrolls of blinking
 u - 2 scrolls of immolation {unknown}
 B - 2 scrolls of amnesia {unknown}
 G - 4 scrolls of identify
 L - 2 scrolls of remove curse
Potions
 f - 8 potions of curing
 k - a potion of invisibility {unknown}
 l - a potion of resistance
 m - 3 potions of berserk rage {unknown}
 n - a potion of might {unknown}
 s - 3 potions of flight
 t - a potion of lignification {unknown}
 z - 3 potions of cancellation {unknown}
 A - 3 potions of magic {unknown}
 E - 3 potions of ambrosia {unknown}
 F - a potion of mutation {unknown}
 H - a potion of heal wounds {unknown}


   Skills:
 + Level 6.1 Fighting
 + Level 1.1 Maces & Flails
 + Level 7.5 Throwing
 + Level 6.1 Dodging
 - Level 4.1 Stealth
 + Level 6.9 Unarmed Combat
 + Level 1.8 Invocations
 + Level 0.8 Evocations


You had 9 spell levels left.
You didn't know any spells.
Your spell library contained the following spells:

 Spells                   Type           Power        Failure   Level
 Animate Skeleton         Necr           #.....       43%         1
 Corona                   Hex            #......      43%         1
 Foxfire                  Conj/Fire      #...         43%         1
 Pain                     Necr           #...         43%         1
 Slow                     Hex            #.......     56%         2
 Conjure Flame            Conj/Fire      #.......     80%         3
 Inner Flame              Hex/Fire       #.......     80%         3
 Portal Projectile        Hex/Tloc       #.....       80%         3
 Vampiric Draining        Necr           #.........   80%         3
 Animate Dead             Necr           #.........   99%         4
 Cause Fear               Hex            #.........   99%         4
 Leda's Liquefaction      Hex/Erth       #.........   99%         4
 Sticky Flame             Conj/Fire      #.......     99%         4
 Agony                    Necr           #.......     100%        5
 Fireball                 Conj/Fire      #.........   100%        5


Dungeon Overview and Level Annotations

Branches:
Dungeon (11/15)            Temple (1/1) D:6             Orc (1/2) D:9
   Lair: D:8-11

Altars:
Ashenzari
Cheibriados
Dithmenos
Elyvilon
Fedhas
Gozag
Hepliaklqana
Kikubaaqudgha
Makhleb
Nemelex Xobeh
Okawaru
Qazlal
Ru
Sif Muna
Trog
Uskayaw
Vehumet
Wu Jian
Xom
Yredelemnul
Zin
The Shining One

Shops:
D:4 :   D:7 =(   D:9 *?[

Annotations:
D:4 exclusion: oklob plant
Orc:1 Fannar


Innate Abilities, Weirdness & Mutations

You are too large for most types of armour.
You have claws for hands.
Your natural rate of healing is unusually fast.
You are covered in fur. (AC +1)
You have extremely tough skin. (AC +3)


Message History

The orc warrior barely misses you.
The orc warrior hits you with a +0 long sword.
You climb upwards.
Welcome back to the Dungeon!
There is a staircase to the Orcish Mines here.
You scratch the orc warrior.
The orc warrior is moderately wounded.
The orc warrior closely misses you.
You scratch the orc warrior but do no damage.
The orc warrior is moderately wounded.
The orc warrior hits you with a +0 mace!
The orc warrior hits you with a +0 long sword!
The orc warrior hits you with a +0 mace!!
You barely miss the orc warrior.
The orc warrior is moderately wounded.
The orc warrior hits you with a +0 mace!!
* * * LOW HITPOINT WARNING * * *
The orc warrior hits you with a +0 long sword!
* * * LOW HITPOINT WARNING * * *
The orc warrior hits you with a +0 mace!!
You die...

#..##..###..##....#.[...
##.#..##....[.)).###....
##.###...##[#.#[####..).
#.....##.#..#..#..##....
##...#..#...)#.#.###....
#........##..######....
###...#.#...#.# #.....
####.#o÷##.###.####...<.
#.##..o@.........##.....
##.#####o..#.#..###.....
#..#....#[.##.#..#.)...
#.##.##..#.#.##.###..##
##.......#.....#..#.....
#.##......##.##..##.....
#####.###.##.#.####.....
###.#......###...####....#
#....#.#...##..#.#.###.#.#


You could see 3 orc warriors.

Vanquished Creatures
  Erolcha (D:10)
  Joseph (D:8)
  A troll (D:10)
  Grinder (D:3)
  Sigmund (D:3)
  A wraith (D:10)
  A warg (D:8)
  Edmund (D:5)
  3 ice beasts
  A water moccasin (D:6)
  2 sky beasts (D:10)
  A black bear (D:9)
  3 orc warriors
  A necrophage (D:6)
  A phantom (D:8)
  6 ogres
  A centaur (D:7)
  A big kobold (D:8)
  7 bullfrogs
  A water moccasin zombie (D:9)
  A water moccasin skeleton (D:4)
  2 scorpions
  4 killer bees
  6 howler monkeys
  5 orc priests
  Crazy Yiuf (D:3)
  A centaur skeleton (D:5)
  A gnoll shaman (D:6)
  A jelly (D:6)
  2 iguanas
  Jessica (D:2)
  A bullfrog skeleton (D:6)
  4 orc wizards
  Natasha (twice) (D:3)
  2 worker ants
  A killer bee zombie (D:10)
  3 hound zombies
  A hound skeleton (D:5)
  2 worker ant zombies
  A howler monkey zombie (D:11)
  16 gnolls
  12 adders
  A shadow imp (D:9)
  3 white imps
  2 ufetubi (D:8)
  3 adder skeletons
  2 adder zombies
  A worm (D:2)
  3 dart slugs (D:1)
  7 leopard geckos
  27 orcs
  A ball python (D:2)
  3 giant cockroaches
  10 goblins
  8 hobgoblins
  6 jackals
  3 quokkas
  6 bats
  5 frilled lizards
  7 kobolds
  A leopard gecko skeleton (D:4)
  A leopard gecko zombie (D:5)
  5 rats
211 creatures vanquished.

Vanquished Creatures (others)
  4 fungi (D:11)
  16 plants (D:11)
20 creatures vanquished.

Grand Total: 231 creatures vanquished

Notes
Turn   | Place    | Note
-------+----------+-------------------------------------------
     0 | D:1      | reriks the Troll Hunter began the quest for the Orb.
     0 | D:1      | Reached XP level 1. HP: 19/19 MP: 0/0
   174 | D:1      | Reached XP level 2. HP: 28/28 MP: 1/1
   541 | D:2      | Noticed a bullfrog
   551 | D:2      | Killed a bullfrog
   551 | D:2      | Reached skill level 4 in Throwing
   551 | D:2      | Reached skill level 1 in Stealth
   551 | D:2      | Reached skill level 1 in Unarmed Combat
   551 | D:2      | Reached XP level 3. HP: 32/35 MP: 2/2
   551 | D:2      | Reached XP level 4. HP: 39/42 MP: 3/3
   741 | D:2      | Noticed Jessica
   745 | D:2      | Killed Jessica
   946 | D:2      | Found a broken altar of Ashenzari.
  1120 | D:2      | Reached XP level 5. HP: 46/50 MP: 4/4
  1359 | D:3      | Noticed an ice beast
  1550 | D:3      | Noticed Natasha
  1562 | D:3      | Killed Natasha
  1631 | D:3      | Noticed Sigmund
  1645 | D:3      | Killed Sigmund
  1645 | D:3      | Reached XP level 6. HP: 16/59 MP: 5/5
  2036 | D:3      | Noticed Grinder
  2043 | D:3      | Paralysed by Grinder for 3 turns
  2052 | D:3      | Killed Grinder
  2052 | D:3      | Reached XP level 7. HP: 49/67 MP: 6/6
  2113 | D:3      | Found a runed translucent door.
  2114 | D:3      | Noticed Crazy Yiuf
  2191 | D:3      | Reached skill level 5 in Throwing
  2240 | D:3      | Noticed Natasha
  2249 | D:3      | Killed Natasha
  2372 | D:3      | Killed Crazy Yiuf
  2634 | D:4      | Found Oligg's Book Shop.
  2743 | D:4      | Reached XP level 8. HP: 74/78 MP: 7/7
  2769 | D:4      | Found a blossoming altar of Fedhas.
  2789 | D:4      | Noticed an oklob plant
  3044 | D:5      | Entered Level 5 of the Dungeon
  3139 | D:5      | Found a basalt altar of Yredelemnul.
  3208 | D:5      | Noticed Edmund
  3216 | D:5      | Killed Edmund
  3683 | D:6      | Found a hide-covered altar of Uskayaw.
  3683 | D:6      | Noticed a +0 dagger
  3683 | D:6      | Noticed a +0 hand axe
  3881 | D:6      | Found a radiant altar of Vehumet.
  3977 | D:6      | Found a staircase to the Ecumenical Temple.
  3998 | Temple   | Entered the Ecumenical Temple
  4069 | Temple   | Became a worshipper of Makhleb the Destroyer
  4162 | D:6      | Found a sacrificial altar of Ru.
  4231 | D:6      | HP: 3/79 [gnoll/+0 spear (1)]
  4507 | D:6      | Reached skill level 6 in Throwing
  4763 | D:6      | Reached skill level 5 in Unarmed Combat
  4763 | D:6      | Reached XP level 9. HP: 39/85 MP: 1/8
  4774 | D:6      | HP: 4/85 [killer bee (4)]
  5039 | D:7      | Found Keriworu's Weapon Boutique.
  5264 | D:7      | Found a shimmering blue altar of Sif Muna.
  5420 | D:7      | Found a snail-covered altar of Cheibriados.
  5420 | D:7      | Found a bloodstained altar of Trog.
  5427 | D:7      | Reached * piety under Makhleb
  5427 | D:7      | Reached skill level 5 in Dodging
  5469 | D:7      | Found Mainu's Jewellery Shoppe.
  5475 | D:7      | Bought an uncursed ring of see invisible for 225 gold
                  | pieces
  5647 | D:7      | Found a glowing golden altar of the Shining One.
  6049 | D:8      | Reached skill level 5 in Fighting
  6066 | D:8      | Noticed Joseph
  6141 | D:8      | Killed Joseph
  6984 | D:9      | Found Biexzauf's Magic Scroll Emporium.
  7002 | D:9      | Found a shadowy altar of Dithmenos.
  7192 | D:9      | Found Viehucha's Assorted Antiques.
  7192 | D:9      | Noticed a two-headed ogre
  7542 | D:9      | Bought a faintly humming robe for 136 gold pieces
  7552 | D:9      | Identified the +1 robe of the Everdark {rElec rN++} (You
                  | bought it in a shop on level 9 of the Dungeon)
  7583 | D:9      | Found a staircase to the Orcish Mines.
  7606 | D:9      | Reached ** piety under Makhleb
  7606 | D:9      | Reached XP level 10. HP: 83/95 MP: 6/9
  7669 | D:9      | Reached skill level 7 in Throwing
  7674 | D:9      | You fall into a shaft and drop 2 floors!
  7857 | D:11     | Noticed a skeletal warrior
  7857 | D:11     | Noticed a death knight
  7863 | D:10     | Entered Level 10 of the Dungeon
  7935 | D:10     | Noticed Erolcha
  7947 | D:10     | Killed Erolcha
  7947 | D:10     | Reached skill level 1 in Invocations
  8856 | D:9      | Found Doeruxt's Antique Armour Shoppe.
  9480 | D:10     | Reached skill level 1 in Maces & Flails
  9572 | Orc:1    | Entered Level 1 of the Orcish Mines
  9572 | Orc:1    | Noticed Fannar
  9572 | Orc:1    | Noticed an orc warlord
  9578 | D:9      | Mangled by an orc warrior

Illustrated notes

Levels and vault maps discovered:
D:1:      roderic_octagonal_star, layout_basic
D:2:      layout_loops_cross, ashenzari_conservatory_becter,
          hangedman_feature_mirror, uniq_jessica
D:3:      layout_loops_ring, uniq_natasha, uniq_crazy_yiuf_cottage,
          uniq_sigmund, uniq_grinder
D:4:      layout_basic, tgw_fedhas, serial_shops, shop,
          hangedman_abyss_or_decor_lesser_grid
D:5:      layout_loops_ring, basic_altar, uniq_edmund
D:6:      lemuel_ice_spiral_2, layout_basic, kennysheep_mini,
          overflow_temple_1_default, dancing_weapons_uskayaw, temple_fountains,
          wad_floor_pattern_1
D:7:      layout_gridville, nicolae_tso_carved_into_rock,
          nicolae_overflow_hidden_temple, amethyst_overflow_temple_binary,
          serial_shops, nicolae_shop_stone, nicolae_shop_trees
D:8:      layout_basic, uniq_joseph
D:9:      layout_rooms, erik_orc_3, serial_shops, shop, shop, shop,
          nicolae_dithmenos_the_darkroom
D:10:     layout_long_grid, uniq_erolcha
D:11:     layout_stronghold, minmay_lair_entry_grove
Temple:   cyrus_circular_temple
Orc:1:    layout_diamond_mine, serial_shops, nicolae_shop_behind_doors,
          nicolae_volcano_entry_two_sided, uniq_fannar, uniq_harold

Skill      XL: |  1  2  3  4  5  6  7  8  9 10 |
---------------+-------------------------------+-----
Fighting       | 2 3 4 5 6 |  6.1
Throwing       | 4 5 6 7 |  7.5
Dodging        | 2 3 4 5 6 |  6.1
Stealth        | 1 2 3 4 |  4.1
Unarmed Combat | 1 2 3 5 6 |  6.9
Invocations    | 1 |  1.8
Maces & Flails | 1 |  1.1
Evocations     | |  0.8

Action                   |  1- 3 |  4- 6 |  7- 9 | 10-12 || total
-------------------------+-------+-------+-------+-------++-------
Melee: Unarmed           |    38 |   200 |   438 |    93 ||   769
       Punch             |       |     2 |     7 |       ||     9
       Giant club        |       |       |       |    27 ||    27
Evoke: Wand              |       |       |     3 |     3 ||     6
  Use: Potion            |       |     1 |     3 |       ||     4
       Scroll            |       |       |     8 |     3 ||    11
 Stab: Sleeping          |       |     4 |    13 |       ||    17
       Distracted        |       |       |     1 |       ||     1
Armor: Robe              |    22 |    64 |   138 |    53 ||   277
Dodge: Dodged            |    22 |   103 |   260 |    92 ||   477

Table legend: (Time is in decaauts)
 A = Elapsed time spent in this place.
 B = Non-inter-level travel time spent in this place.
 C = Inter-level travel time spent in this place.
 D = Time resting spent in this place.
 E = Time spent auto-exploring this place.
 F = Levels seen in this place.
 G = Mean time per level.
                   A        B        C        D        E       F      G
               +--------+--------+--------+--------+--------+-----+--------+
         Total |   9504 |   9009 |    495 |   1338 |   5585 |  13 |  731.1 |
       Dungeon |   9415 |   8934 |    481 |   1338 |   5526 |  11 |  855.9 |
        Temple |     86 |     72 |     14 |      0 |     59 |   1 |   86.0 |
  Orcish Mines |      2 |      2 |      0 |      0 |      0 |   1 |    2.0 |
               +--------+--------+--------+--------+--------+-----+--------+

Top non-repeatable levels by time:
     D:8: 1184 daAuts
     D:7: 1137 daAuts
     D:6: 1132 daAuts
    D:10: 1088 daAuts
     D:3: 1054 daAuts
     D:2: 815 daAuts
     D:9: 793 daAuts
     D:5: 719 daAuts
     D:4: 623 daAuts
     D:1: 521 daAuts
    D:11: 344 daAuts
  Temple: 86 daAuts
   Orc:1: 2 daAuts
